 Dungeon Crawl Stone Soup version 0.26.1-2-gb8aa6d0cf2 (webtiles) character file.

Game seed: 18405859363695912664

70 ew1980 the Skirmisher (level 4, 0/31 HPs)
             Began as a Halfling Abyssal Knight on Feb 14, 2021.
             Was a Follower of Lugonu.
             Slain by Robin
             ... wielding a +0 mace
              (4 damage)
             ... on level 2 of the Dungeon.
             The game lasted 00:02:17 (2161 turns).

ew1980 the Skirmisher (Halfling Abyssal Knight)     Turns: 2161, Time: 00:02:18

Health: 0/31       AC:  3    Str: 14    XL:     4   Next: 45%
Magic:  6/6        EV: 14    Int: 10    God:    Lugonu [*.....]
Gold:   30         SH:  0    Dex: 13    Spells: 3/3 levels left

rFire    . . .     SeeInvis .   a - +1 hand axe
rCold    . . .     Faith    .   (shield restricted)
rNeg     . . .     Spirit   .   b - +0 leather armour
rPois    .         Reflect  .   (no helmet)
rElec    .         Harm     .   (no cloak)
rCorr    .         Rampage  .   (no gloves)
Will     .....                  (no boots)
Stlth    +.........             (no amulet)
HPRegen  0.10/turn              (no ring)
MPRegen  0.10/turn              (no ring)

@: no status effects
A: small, mutation resistance 1
a: Renounce Religion, Depart the Abyss


You were on level 2 of the Dungeon.
You worshipped Lugonu.
Lugonu was aware of your devotion.
You visited 1 branch of the dungeon, and saw 2 of its levels.
You visited the Abyss 1 time.

You collected 30 gold pieces.

Inventory:

Hand Weapons
 a - a +1 hand axe (weapon)
Armour
 b - a +0 leather armour (worn)
Jewellery
 c - a +6 ring of strength {unknown}
 k - a cursed ring of teleportation {unknown}
Scrolls
 h - 2 scrolls of teleportation {unknown}
 i - 2 scrolls of identify {unknown}
 j - a scroll of noise {unknown}
Potions
 d - a potion of cancellation {unknown}
 e - a potion of flight {unknown}
 f - a potion of heal wounds {unknown}
 g - a potion of berserk rage {unknown}


   Skills:
 + Level 3.1 Fighting
 + Level 2.6 Axes
 + Level 2.8 Armour
 + Level 2.1 Dodging
 + Level 2.7 Invocations


You had 3 spell levels left.
You didn't know any spells.
Your spell library was empty.

Dungeon Overview and Level Annotations

Branches:
Dungeon (2/15)

Altars:

Annotations:
D:2 Robin


Innate Abilities, Weirdness & Mutations

You are small and have problems with some larger weapons.
You are somewhat resistant to further mutation.


Message History

Lugonu accepts your kill.
You hit the hobgoblin. The hobgoblin closely misses you.
You slash Robin!
Robin is heavily wounded.
You hit the hobgoblin.
You kill the hobgoblin!
Lugonu accepts your kill. Robin hits you with a +0 mace.
You hit Robin but do no damage.
Robin is heavily wounded.
Robin hits you with a +0 mace.
* * * LOW HITPOINT WARNING * * *
You barely miss Robin.
Robin is heavily wounded.
Robin hits you with a +0 mace.
* * * LOW HITPOINT WARNING * * *
You barely miss Robin.
Robin is heavily wounded.
Robin hits you with a +0 mace.
You die...

#.###. ### #.#.. #†.
#... #.# #.. ###g#
########### #.# ##.gg#
#..[(.()@)####.###
#..###
##.######g.......###.##
#.# ####...#.##..# #.##
##..#......##
#...#####..####....#
###...##..## ##..#..#
#......## ##...##....
#.##..## #..#.# ###..
#. ##.# #.##..> #


You could see Robin.

Vanquished Creatures
  Jessica (D:2)
  2 oozes (D:1)
  A dart slug (D:1)
  4 bats
  6 hobgoblins
  3 kobolds
  12 goblins
  2 rats (D:1)
31 creatures vanquished.

Notes
Turn   | Place    | Note
-------+----------+-------------------------------------------
     0 | Abyss:1  | ew1980 the Halfling Abyssal Knight began the quest for the
                  | Orb.
     0 | Abyss:1  | Reached XP level 1. HP: 15/15 MP: 2/2
   199 | Abyss:1  | Noticed a thrashing horror
   201 | D:1      | Escaped the Abyss
   664 | D:1      | Reached XP level 2. HP: 13/20 MP: 3/3
  1092 | D:1      | Reached * piety under Lugonu
  1394 | D:1      | Reached XP level 3. HP: 22/25 MP: 4/4
  1612 | D:2      | Noticed Jessica
  1624 | D:2      | Killed Jessica
  1625 | D:2      | Reached skill level 3 in Fighting
  1625 | D:2      | Reached XP level 4. HP: 21/31 MP: 5/5
  1800 | D:2      | Noticed Robin
  2161 | D:2      | Slain by Robin

Illustrated notes

Levels and vault maps discovered:
D:1:      minmay_arrival_glassed_features, layout_loops_ring, nrook_campfire
D:2:      layout_rooms, nicolae_overflow_hidden_temple, uniq_crazy_yiuf_cottage,
          uniq_robin, uniq_jessica

Skill      XL: |  1  2  3  4 |
---------------+-------------+-----
Fighting       | 3 |  3.1
Dodging        | 2 |  2.1
Axes           | |  2.6
Armour         | |  2.8
Invocations    | |  2.7

Action                   |  1- 3 |  4- 6 || total
-------------------------+-------+-------++-------
Melee: Hand axe          |    50 |    28 ||    78
Invok: Depart the Abyss  |     1 |       ||     1
 Stab: Sleeping          |     1 |       ||     1
Armor: Leather armour    |     7 |     6 ||    13
Dodge: Dodged            |    33 |    28 ||    61
